 Dungeon Crawl Stone Soup version 0.25-a0-571-gb5e01bddfa (console) character file.

Game seed: 4602503578571171631, levelgen mode: classic

26983 Duffy the Eclecticist (level 13, -4/76 HPs)
             Began as a Deep Elf Earth Elementalist on Feb 29, 2020.
             Was an Elder of Sif Muna.
             Slain by an eight-headed hydra (8 damage)
             ... on level 6 of the Lair of Beasts.
             The game lasted 00:29:41 (25939 turns).

Duffy the Eclecticist (DEEE)                       Turns: 25939, Time: 00:29:42

Health: -4/76      AC:  7    Str:  5    XL:     13   Next: 1%
Magic:  29/34      EV: 20    Int: 26    God:    Sif Muna [****..]
Gold:   938        SH:  0    Dex: 15    Spells: 28/42 levels left

rFire    . . .     SeeInvis .   d - 16 rations
rCold    . . .     Gourm    .   (no shield)
rNeg     . . .     Faith    +   o - +2 robe {MR+}
rPois    +         Spirit   .   e - +1 helmet
rElec    .         Reflect  .   (no cloak)
rCorr    .         Harm     .   (no gloves)
MR       ++...                  k - +0 pair of boots
Stlth    ++........             C - amulet of faith
HPRegen  0.22/turn              z - +3 ring of evasion
MPRegen  0.24/turn              P - ring of poison resistance

@: no status effects
A: no striking features
a: Channel Magic, Forget Spell, Divine Exegesis, Renounce Religion


You were on level 6 of the Lair of Beasts.
You worshipped Sif Muna.
Sif Muna was greatly pleased with you.
You were very hungry.

You visited 3 branches of the dungeon, and saw 17 of its levels.

You collected 938 gold pieces.

Inventory:

Missiles
 l - 32 stones
 m - 2 curare-tipped darts (quivered)
Armour
 e - a +1 helmet (worn)
 k - a +0 pair of boots (worn)
 o - a +2 robe of magic resistance (worn)
 v - a +3 leather armour of fire resistance
 J - +0 acid dragon scales
Jewellery
 p - an uncursed ring of positive energy
 s - an uncursed ring of fire
 z - a +3 ring of evasion (left hand)
 B - an uncursed ring of wizardry
 C - an amulet of faith (around neck)
 P - a ring of poison resistance (right hand)
Wands
 a - a wand of enslavement (9)
 c - a wand of iceblast (4)
 r - a wand of digging (11)
 x - a wand of polymorph (4)
 N - a wand of disintegration (10)
 O - a wand of clouds (8)
Scrolls
 f - 3 scrolls of teleportation
 h - 8 scrolls of remove curse
 n - 2 scrolls of blinking {unknown}
 u - a scroll of amnesia {unknown}
 w - 2 scrolls of enchant armour {unknown}
 y - 4 scrolls of fog {unknown}
 A - a scroll of silence {unknown}
 I - a scroll of acquirement
Potions
 b - 2 potions of brilliance
 g - a potion of resistance
 i - 4 potions of curing
 j - 2 potions of cancellation {unknown}
 q - 3 potions of flight
 t - 6 potions of lignification
 D - a potion of invisibility {unknown}
 F - 2 potions of heal wounds {unknown}
 H - a potion of magic {unknown}
 K - a potion of berserk rage {unknown}
 L - 2 potions of ambrosia {unknown}
Miscellaneous
 G - a lightning rod (4/4)
Comestibles
 d - 16 rations (in hand)


   Skills:
 - Level 7.0 Fighting
 - Level 8.0 Dodging
 - Level 2.4 Stealth
 - Level 15.0 Spellcasting
 + Level 6.5 Conjurations
   Level 1.1 Transmutations
 + Level 6.2 Fire Magic
 - Level 9.0 Earth Magic
 - Level 10.0 Invocations
 - Level 6.2 Evocations


You had 28 spell levels left.
You knew the following spells:

 Your Spells              Type           Power        Failure   Level  Hunger
h - Stone Arrow           Conj/Erth      ######       1%          3    None
j - Sandblast             Erth           ######       1%          1    None
k - Fireball              Conj/Fire      ######....   5%          5    #......
l - Lee's Rapid Deconstr  Erth           ######....   1%          5    #......

Your spell library contained the following spells:

 Spells                   Type           Power        Failure   Level  Hunger
 Beastly Appendage        Tmut           ####..       1%          1    None
 Foxfire                  Conj/Fire      ####         1%          1    None
 Passwall                 Tmut/Erth      #####...     1%          2    None
 Conjure Flame            Conj/Fire      ######..     1%          3    None
 Sticky Flame             Conj/Fire      ######..     1%          4    None
 Corona                   Hex            ###....      2%          1    None
 Sticks to Snakes         Tmut           ####....     2%          2    None
 Dazzling Flash           Conj/Hex       #####.       2%          3    None
 Inner Flame              Hex/Fire       #####...     2%          3    None
 Petrify                  Tmut/Erth      #####...     3%          4    None
 Ensorcelled Hibernation  Hex/Ice        ###...       4%          2    None
 Spider Form              Tmut/Pois      ###.......   7%          3    None
 Confusing Touch          Hex            ###.....     9%          3    None
 Tukima's Dance           Hex            ###.....     9%          3    None
 Ice Form                 Ice/Tmut       ###.....     22%         4    None
 Blade Hands              Tmut           ####......   43%         5    #......


Dungeon Overview and Level Annotations

Branches:
Dungeon (10/15)            Temple (1/1) D:7            Lair (6/6) D:8
  Snake (0/4) Lair:3        Slime (0/5) Lair:5
  Swamp: Lair:2-4    Shoals: Lair:2-4       Orc: D:9-12

Altars:
Ashenzari
Cheibriados
Dithmenos
Elyvilon
Fedhas
Gozag
Hepliaklqana
Kikubaaqudgha
Makhleb
Nemelex Xobeh
Okawaru
Qazlal
Ru
Sif Muna
Trog
Uskayaw
Vehumet
Wu Jian
Xom
Yredelemnul
Zin
The Shining One
Jiyva

Shops:
D:9 (

Annotations:
D:10 Nergalle


Message History

The crocodile is too close now for your liking.
There is a stone staircase leading up here.
Cast which spell? (? or * to list)
Aiming: Fireball (safe; 5% risk of failure)
Press: ? - help, Shift-Dir - straight line The fireball explodes!
The fireball engulfs the eight-headed hydra!!
The eight-headed hydra is moderately wounded.
The eight-headed hydra roars!
You hear an angry hiss.
The eight-headed hydra misses you.
The eight-headed hydra closely misses you.
The eight-headed hydra bites you! x2
The eight-headed hydra closely misses you. x2
The eight-headed hydra bites you!
The eight-headed hydra closely misses you.
The eight-headed hydra bites you!
The eight-headed hydra closely misses you.
The eight-headed hydra bites you! x2; The eight-headed hydra misses you.
The eight-headed hydra bites you!
You die...

## #.####
#..P.#
#....#
#....##..#
#.@.......
#P.D.%....#
##...t....#
#.#.......
#. .P.....
## #......
......
.S....


You could see an eight-headed hydra, a sea snake (wandering) and a crocodile.

Vanquished Creatures
  5 hydras
  A queen ant (Lair:2)
  A manticore (Lair:3)
  4 black mambas
  Joseph (D:6)
  A torpor snail (Lair:5)
  8 spiny frogs
  The ghost of Susanna the Transmogrifier, a novice MfTm (D:3)
  2 rime drakes (Lair:5)
  A kobold demonologist (D:8)
  4 komodo dragons
  A hornet (Lair:5)
  8 blink frogs
  11 hippogriffs
  2 wyverns
  A wraith (Lair:4)
  15 yaks
  A basilisk (Lair:3)
  20 soldier ants
  An acid dragon (D:9)
  8 water moccasins
  Duvessa (D:5)
  7 orc warriors
  2 porcupines (Lair:5)
  A necrophage (D:9)
  3 sky beasts
  5 ogres
  5 wolves (Lair:3)
  4 centaurs
  3 crocodiles
  15 big kobolds
  15 bullfrogs
  A wyvern skeleton (D:8)
  Dowan (D:5)
  2 scorpions
  6 killer bees
  13 wights
  4 electric eels
  2 hounds
  A centaur zombie (D:6)
  A jelly (D:8)
  2 orc priests (D:8)
  7 orc wizards
  8 worker ants
  3 iguanas
  2 hound skeletons
  A worker ant zombie (D:6)
  Robin (D:4)
  10 adders
  2 howler monkey skeletons
  2 oozes
  An adder zombie (D:6)
  2 adder skeletons (D:6)
  5 worms
  33 orcs
  11 bats
  4 giant cockroaches
  21 goblins
  9 hobgoblins
  26 jackals
  19 kobolds
  3 quokkas
  2 ball pythons
  5 frilled lizards
  A leopard gecko skeleton (D:7)
  6 rats
  2 fungi
  A plant (Lair:5)
378 creatures vanquished.

Vanquished Creatures (collateral kills)
  A yak (D:10)
1 creature vanquished.

Vanquished Creatures (others)
  A yak (D:10)
  10 fungi
  10 plants
21 creatures vanquished.

Grand Total: 400 creatures vanquished

Notes
Turn   | Place    | Note
-------+----------+-------------------------------------------
     0 | D:1      | Duffy the Deep Elf Earth Elementalist began the quest for
                  | the Orb.
     0 | D:1      | Reached XP level 1. HP: 10/10 MP: 6/6
   345 | D:1      | Reached XP level 2. HP: 15/15 MP: 5/8
   985 | D:2      | Reached skill level 4 in Spellcasting
   985 | D:2      | Reached XP level 3. HP: 19/19 MP: 4/10
   990 | D:2      | Learned a level 3 spell: Stone Arrow
  1224 | D:2      | Reached skill level 1 in Conjurations
  1323 | D:2      | Reached XP level 4. HP: 24/24 MP: 9/12
  2916 | D:3      | Found a snail-covered altar of Cheibriados.
  2922 | D:3      | Reached skill level 5 in Spellcasting
  2922 | D:3      | Reached XP level 5. HP: 20/28 MP: 7/14
  3176 | D:3      | Found a large runed translucent door.
  3176 | D:3      | Found a large runed translucent door.
  3178 | D:3      | Noticed Susanna's ghost (novice MfTm)
  3367 | D:3      | Killed Susanna's ghost
  3367 | D:3      | Reached skill level 5 in Earth Magic
  3367 | D:3      | Reached XP level 6. HP: 13/32 MP: 0/16
  3374 | D:3      | Learned a level 5 spell: Lee's Rapid Deconstruction
  3685 | D:3      | Found a snail-covered altar of Cheibriados.
  3799 | D:3      | Reached skill level 6 in Spellcasting
  3874 | D:3      | Found a glowing silver altar of Zin.
  4018 | D:4      | Noticed Robin
  4110 | D:4      | Killed Robin
  4473 | D:4      | Reached XP level 7. HP: 36/36 MP: 8/18
  4615 | D:4      | Reached skill level 5 in Conjurations
  5664 | D:5      | Entered Level 5 of the Dungeon
  5764 | D:5      | Noticed Dowan
  5778 | D:5      | Killed Dowan
  5778 | D:5      | Reached skill level 1 in Fighting
  5904 | D:5      | Noticed Duvessa
  6083 | D:5      | Killed Duvessa
  6294 | D:5      | Reached XP level 8. HP: 42/45 MP: 6/19
  8232 | D:6      | Reached skill level 5 in Dodging
  8593 | D:7      | Noticed Joseph
  8617 | D:6      | Killed Joseph
  8774 | D:7      | Reached XP level 9. HP: 52/52 MP: 11/20
  9053 | D:7      | Reached skill level 5 in Fighting
  9199 | D:7      | Got a sheer robe
  9248 | D:7      | Found a staircase to the Ecumenical Temple.
  9258 | Temple   | Entered the Ecumenical Temple
  9388 | Temple   | Became a worshipper of Sif Muna the Loreminder
 10075 | D:8      | Found a staircase to the Lair.
 10340 | D:8      | Reached * piety under Sif Muna
 10619 | D:8      | Reached skill level 1 in Invocations
 11456 | D:7      | Reached skill level 7 in Spellcasting
 11511 | D:7      | Found a staircase to the Ecumenical Temple.
 12367 | D:8      | Reached XP level 10. HP: 52/63 MP: 0/23
 12786 | D:8      | Reached ** piety under Sif Muna
 12829 | D:8      | Reached skill level 8 in Spellcasting
 13598 | D:9      | Found a shadowy altar of Dithmenos.
 13598 | D:9      | Found a glowing golden altar of the Shining One.
 13598 | D:9      | Found a stormy altar of Qazlal.
 13646 | D:9      | Identified the +0 robe of Agnosticism {rN+ Str-4 Int+3}
                  | (You found it on level 7 of the Dungeon)
 13753 | D:9      | Found Bolimam's Antique Weapon Shop.
 14279 | D:8      | Reached skill level 9 in Spellcasting
 14418 | D:9      | Reached skill level 5 in Invocations
 14734 | D:9      | Reached *** piety under Sif Muna
 14765 | D:9      | Identified the amulet of Bosch {Harm *Drain Dex+4}
 15330 | D:9      | Found a basalt altar of Yredelemnul.
 15472 | D:10     | Entered Level 10 of the Dungeon
 15479 | D:10     | Noticed Nergalle
 15638 | D:9      | Reached skill level 10 in Spellcasting
 15784 | Lair:1   | Entered Level 1 of the Lair of Beasts
 15784 | Lair:1   | Noticed a spiny frog
 15796 | D:8      | Killed a spiny frog
 16056 | Lair:1   | Noticed a seven-headed hydra
 16067 | Lair:1   | Killed a seven-headed hydra
 16067 | Lair:1   | Reached skill level 1 in Evocations
 16067 | Lair:1   | Reached XP level 11. HP: 67/67 MP: 11/27
 16215 | Lair:1   | HP: 2/67 [komodo dragon (30)]
 17627 | Lair:2   | Reached skill level 5 in Evocations
 17990 | Lair:2   | Noticed a six-headed hydra
 18004 | Lair:2   | Killed a six-headed hydra
 18528 | Lair:3   | Reached **** piety under Sif Muna
 18702 | Lair:3   | Noticed a death yak
 18703 | Lair:3   | Noticed a death yak
 19014 | Lair:3   | Reached skill level 11 in Spellcasting
 19839 | Lair:3   | Noticed a seven-headed hydra
 19842 | Lair:3   | Killed a seven-headed hydra
 19962 | Lair:3   | Reached skill level 12 in Spellcasting
 20160 | Lair:3   | Reached XP level 12. HP: 72/72 MP: 20/30
 21208 | Lair:3   | Noticed a five-headed hydra
 21211 | Lair:3   | Killed a five-headed hydra
 21683 | Lair:3   | Reached skill level 13 in Spellcasting
 21827 | Lair:3   | Noticed a death yak
 21868 | Lair:3   | Reached skill level 10 in Invocations
 22042 | Lair:3   | Found a staircase to the Snake Pit.
 22361 | Lair:3   | Noticed a queen ant
 22422 | Lair:2   | Killed a queen ant
 22825 | Lair:3   | Reached skill level 14 in Spellcasting
 23686 | Lair:4   | Identified a scroll of acquirement
 23951 | Lair:5   | Reached skill level 15 in Spellcasting
 24138 | Lair:5   | Learned a level 5 spell: Fireball
 24177 | Lair:5   | Reached skill level 1 in Fire Magic
 24425 | Lair:5   | Found a staircase to the Slime Pits.
 24426 | Lair:5   | Found a viscous altar of Jiyva.
 24451 | Lair:5   | Noticed a five-headed hydra
 24456 | Lair:5   | Killed a five-headed hydra
 24706 | Lair:5   | Reached skill level 5 in Fire Magic
 25207 | Lair:6   | Entered Level 6 of the Lair of Beasts
 25207 | Lair:6   | Noticed an eight-headed hydra
 25794 | Lair:5   | Reached XP level 13. HP: 60/76 MP: 18/34
 25939 | Lair:6   | Slain by an eight-headed hydra

Levels and vault maps discovered:
D:1:      dpeg_arrival_shelter, layout_basic
D:2:      layout_loops_ring, serial_rivers, chequers_serial_rivers_micro_e,
          chequers_serial_rivers_room_b, chequers_serial_rivers_micro_b,
          chequers_serial_rivers_micro_c, chequers_serial_rivers_micro_c,
          grunt_decor_arrowhead
D:3:      minmay_octagon_keep, layout_loops_ring, old_standard_altar,
          lemuel_coloured_pillars_altar, first_ration,
          ebering_ghost_disaster_area, cheibriados_altar_1
D:4:      layout_basic, minivault_26, glass_columns_a, uniq_robin
D:5:      layout_cave_pods, uniq_duvessa
D:6:      layout_layer_cave
D:7:      layout_cave_pools, minmay_temple_entry_drinking_statues, uniq_joseph
D:8:      minmay_klotski, layout_basic, special_room [special_room_orc],
          uniq_prince_ribbit1
D:9:      layout_gridville, gammafunk_temple_overflow_claw,
          kennysheep_little_box, serial_shops, nicolae_shop_waterfront,
          special_room [special_room_kobold]
D:10:     layout_rooms, serial_shops, kennysheep_mini, shop, shop, shop,
          grunt_pizzeria, uniq_nergalle, uniq_erolcha
Temple:   nicolae_temple_elliptical
Lair:1:   layout_chaotic_city
Lair:2:   layout_cave_shapes
Lair:3:   layout_regular_city, minmay_shoals_entry_beasts,
          guppyfry_snake_entry_island, minivault_29, grunt_megastairs_4
Lair:4:   layout_cave_shapes, beast_lair_carwin_8, grunt_megastairs_5,
          infiniplex_staircase_pool, lemuel_fruit_tree, uniq_josephine
Lair:5:   layout_regular_city, slime_altar_1, serial_rivers,
          chequers_serial_rivers_micro_a, chequers_serial_rivers_room_a,
          chequers_serial_rivers_room_a, chequers_serial_rivers_large_a,
          chequers_serial_rivers_room_a, chequers_serial_rivers_small_b,
          serial_bayou_shore_a
Lair:6:   gammafunk_lair_ancient_temple, layout_cave_pods

Skill      XL: |  1  2  3  4  5  6  7  8  9 10 11 12 |
---------------+-------------------------------------+-----
Spellcasting   | 4 5 6 7 10 12 15 | 15.0
Earth Magic    | 4 5 6 8 9 |  9.0
Conjurations   | 1 2 4 5 6 |  6.5
Fighting       | 2 4 7 |  7.0
Dodging        | 3 8 |  8.0
Invocations    | 3 6 8 10 | 10.0
Evocations     | 1 6 |  6.2
Fire Magic     | 6 |  6.2
Stealth        | |  2.4
Transmutations | |  1.1

Action                   |  1- 3 |  4- 6 |  7- 9 | 10-12 | 13-15 || total
-------------------------+-------+-------+-------+-------+-------++-------
Throw: Dart              |       |       |     9 |     4 |       ||    13
 Cast: Sandblast         |    42 |    63 |    23 |   139 |       ||   267
       Stone Arrow       |       |    41 |   182 |   205 |       ||   428
       Lee's Rapid Decon |       |       |     3 |   103 |       ||   106
       Fireball          |       |       |       |    16 |     4 ||    20
Evoke: Wand              |       |       |       |     6 |       ||     6
  Use: Scroll            |       |     5 |     4 |     7 |       ||    16
       Potion            |       |       |       |     2 |       ||     2
  Eat: Chunk             |     1 |    11 |    15 |    33 |       ||    60
       Ration            |       |       |     3 |     5 |       ||     8
Armor: Robe              |     3 |     9 |     2 |    47 |       ||    61
       Leather armour    |       |       |    16 |     2 |       ||    18
Dodge: Dodged            |     7 |    26 |    85 |   264 |     7 ||   389
Block: Other             |       |     6 |     6 |       |       ||    12
       Reflection        |       |     1 |       |       |       ||     1

Table legend:
 A = Non-vault XP
 B = Vault XP
 C = Vault XP percentage of total XP
 D = Non-vault monster count
 E = Vault monster count
 F = Vault count percentage of total count
                 A         B        C        D         E       F
            +---------+---------+-------+---------+---------+-------
      Total |   26060 |   12488 |  32.4 |     258 |     117 |  31.2
            +---------+---------+-------+---------+---------+-------
        D:1 |      31 |       0 |   0.0 |      16 |       0 |   0.0
        D:2 |     117 |       2 |   1.7 |      31 |       1 |   3.1
        D:3 |     129 |     393 |  75.3 |      23 |      10 |  30.3
        D:4 |     329 |      32 |   8.9 |      13 |      11 |  45.8
        D:5 |     257 |     214 |  45.4 |      10 |       2 |  16.7
        D:6 |     806 |     455 |  36.1 |      24 |       1 |   4.0
        D:7 |     614 |     424 |  40.8 |      12 |       6 |  33.3
        D:8 |    3026 |    1338 |  30.7 |      42 |      26 |  38.2
        D:9 |     978 |     877 |  47.3 |      15 |      14 |  48.3
       D:10 |     290 |       0 |   0.0 |       2 |       0 |   0.0
     Lair:1 |    2387 |     157 |   6.2 |       8 |       1 |  11.1
     Lair:2 |    4754 |    1426 |  23.1 |      14 |       7 |  33.3
     Lair:3 |    5907 |    5053 |  46.1 |      21 |      30 |  58.8
     Lair:4 |     241 |     840 |  77.7 |       3 |       4 |  57.1
     Lair:5 |    4719 |    1277 |  21.3 |      18 |       4 |  18.2
     Lair:6 |    1475 |       0 |   0.0 |       6 |       0 |   0.0
            +---------+---------+-------+---------+---------+-------
